 Dungeon Crawl Stone Soup version 0.31-a0-150-g89dc3ad700 (webtiles) character file.

Game seed: 16109345057940357537

63328 qw the Marksminotaur (level 14, -5/129 HPs)
             Began as a Minotaur Hunter on June 8, 2023.
             Was a Believer of Okawaru.
             Slain by a red ugly thing (22 damage)
             ... on level 13 of the Dungeon.
             The game lasted 00:07:42 (16754 turns).

qw the Marksminotaur (Minotaur Hunter)             Turns: 16754, Time: 00:07:42

Health: -5/129     AC: 21    Str: 16    XL:     14   Next: 67%
Magic:  20/20      EV: 24    Int:  6    God:    Okawaru [**....]
Gold:   979        SH:  5    Dex: 21    Spells: 13/13 levels left

rFire   . . .        Y - +5 triple crossbow (freeze)
rCold   . . .        (shield currently unavailable)
rNeg    . . .        x - +0 troll leather armour
rPois   .            m - +1 hat
rElec   .            l - +2 cloak {rCorr}
rCorr   +            p - +2 pair of gloves {Stlth+}
SInv    .            n - +1 pair of boots
Will    +....        o - amulet of reflection
Stlth   +++++        k - +4 ring of slaying {mikee}
HPRegen 1.21/turn    i - +4 ring of protection
MPRegen 0.17/turn

%: reflection
@: heroic, unable to read
A: horns 2, retaliatory headbutt, claws 1, thin skeletal structure 1, wild magic
1, inability to read after injury 1
a: Renounce Religion, Heroism


You were on level 13 of the Dungeon.
You worshipped Okawaru.
Okawaru was pleased with you.
You visited 3 branches of the dungeon, and saw 19 of its levels.

You collected 1309 gold pieces.
You spent 330 gold pieces at shops.


Innate Abilities, Weirdness & Mutations

You have a pair of horns on your head.
You reflexively headbutt those who attack you in melee.
You have sharp fingernails.
You have a somewhat thin skeletal structure. (Dex +2, Stealth+)
Your spells are a little harder to cast, but a little more powerful.
You occasionally lose the ability to read scrolls when taking damage.


   Skills:
 + Level 13.4(18.4) Fighting
 - Level 20.0(25.0) Ranged Weapons
 - Level 8.2(13.2) Armour
 - Level 11.0(16.0) Dodging
 - Level 0.7(5.7) Stealth
 - Level 10.0 Invocations


You had 13 spell levels left.
You didn't know any spells.
Your spell library was empty.

Inventory:

Hand Weapons
 f - a +8 longbow of flaming
 Y - a +5 triple crossbow of freezing (weapon)
Armour
 l - a +2 cloak of preservation (worn)
 m - a +1 hat (worn)
 n - a +1 pair of boots (worn)
 p - a +2 pair of gloves of stealth (worn)
 s - the +3 hat of Pondering {ponderous, Will+ MP+10 Int+5}
   (You took it off Gastronok on level 8 of the Dungeon)

   Int:       It affects your intelligence (+5).
   MP:        It affects your magic capacity (+10).
   Will:      It increases your willpower.
 x - a +0 troll leather armour (worn)
Jewellery
 i - a +4 ring of protection (right hand)
 k - a +4 ring of slaying (left hand) {mikee}
 o - an amulet of reflection (around neck)
 q - a ring of protection from fire
 v - a ring of fire
Wands
 b - a wand of digging (6)
Scrolls
 a - 13 scrolls of teleportation
 j - 4 scrolls of identify
Potions
 e - 2 potions of resistance
 g - a potion of might
 h - 2 potions of curing
 r - 3 potions of heal wounds
 t - a potion of magic
 u - 4 potions of haste
 w - a potion of cancellation

Dungeon Overview and Level Annotations

Branches:
Dungeon (13/15)            Temple (1/1) D:7            Lair (5/5) D:10
  Swamp (0/4) Lair:2        Snake (0/4) Lair:2        Slime (0/5) Lair:4
    Orc (0/2) D:10         Vaults (0/5) D:13

Altars:
Ashenzari
Cheibriados
Dithmenos
Elyvilon
Fedhas
Gozag
Hepliaklqana
Kikubaaqudgha
Makhleb
Nemelex Xobeh
Okawaru
Qazlal
Ru
Sif Muna
Trog
Uskayaw
Vehumet
Wu Jian
Xom
Yredelemnul
Zin
The Shining One

Shops:
D:1 =   D:2 :   D:5 [   D:7 [   D:8 :*   D:11 !

Annotations:
D:9 3 runed translucent doors, qw's ghost, journeyman MiHu; qw's ghost, novice GrFi; qw's ghost, novice MiHu


Message History

16750 ||| Stepping ~*~*~tactically~*~*~ (cloud).
The vault guard is engulfed in calcifying dust.
The manticore is engulfed in calcifying dust.
The manticore is moving more slowly.
The catoblepas breathes a plume of calcifying dust at you.
The blast of calcifying dust hits you.
16751 ||| Stepping ~*~*~tactically~*~*~ (cloud).
The vault guard attacks as you move away!
The vault guard hits you with a +0 great sword!
The vault guard attacks as you move away!
The vault guard hits you but does no damage.
The manticore is engulfed in calcifying dust.
The manticore stops moving altogether!
The vault guard is engulfed in calcifying dust.
The vault guard is moving more slowly.
The catoblepas smashes its foot into the ground.
The catoblepas misses you. You furiously retaliate!
You headbutt the catoblepas. You shoot a bolt. The bolt hits the catoblepas!
The bolt freezes the catoblepas.
The catoblepas is lightly wounded.
The red ugly thing closely misses you. The catoblepas completely misses you.
The vault guard hits you with a +0 great sword!
You shoot a bolt. The bolt hits the catoblepas!!
The bolt freezes the catoblepas!
The catoblepas is severely wounded.
The red ugly thing tentacle-slaps you!
You are engulfed in flames!!
You feel threatened and lose the ability to read scrolls!
The vault guard is engulfed in calcifying dust.
The vault guard stops moving altogether!
The catoblepas completely misses you. You block the vault guard's attack.
The red ugly thing completely misses you.
You furiously retaliate!
You headbutt the red ugly thing! You shoot a bolt.
The bolt hits the catoblepas!!
The bolt freezes the catoblepas.
You kill the catoblepas!
Okawaru accepts your kill.
The vault guard is no longer petrified.
The vault guard is engulfed in calcifying dust.
The vault guard hits you with a +0 great sword!
The red ugly thing tentacle-slaps you!
You are engulfed in flames!!
You die...

.# .# .# ## ## ##.#
... . ##..#
#...#.##...#
......#u@..########
..\...lp.p.¤¤.....#
...../#Hp.........#
#...# ##..¤.......#
... ##)........# ##
##.)).....#
##.)<.....+
#.........#
#.....¤.¤..#


You could see 3 vault guards, a red ugly thing, a manticore (petrified) and a
basilisk.

Vanquished Creatures
  Gastronok (D:8)
  A vault guard (D:13)
  4 catoblepae
  A boulder beetle (D:12)
  5 hydras
  2 centaur warriors (D:13)
  10 death yaks (Lair:5)
  4 two-headed ogres
  Sonja (Lair:3)
  Lodul (D:10)
  A lindwurm (Lair:2)
  An oklob plant (D:12)
  A deep elf pyromancer (D:13)
  4 manticores
  3 cyclopes
  An ugly thing (D:11)
  Joseph (D:10)
  5 black mambas
  8 elephants
  Maurice (D:9)
  5 cane toads
  2 unseen horrors
  5 rime drakes
  11 komodo dragons
  7 polar bears
  3 meliai (D:13)
  6 trolls
  23 blink frogs
  5 hornets
  5 dream sheep (Lair:4)
  Sigmund (D:2)
  6 slime creatures
  4 wyverns
  A vampire (D:11)
  4 basilisks
  2 wraiths
  57 yaks
  3 steam dragons
  6 vampire mosquitoes
  2 nagas (Lair:2)
  4 wargs (D:10)
  2 acid dragons
  18 water moccasins
  A swamp drake (D:10)
  3 sky beasts
  2 ice beasts
  6 black bears (Lair:1)
  3 orc warriors
  12 wolves (Lair:3)
  11 ogres
  2 centaurs
  A phantom (D:3)
  A kobold brigand (D:7)
  Blork the orc (D:5)
  14 bullfrogs
  2 scorpions (D:6)
  11 wights
  9 killer bees
  An oklob sapling (D:12)
  2 howler monkeys
  8 electric eels
  2 lava snakes (Lair:2)
  5 orc priests
  4 jellies
  2 hounds
  A sleepcap (D:4)
  2 iguanas
  4 orc wizards
  Natasha (D:2)
  3 gnolls (D:4)
  9 adders
  A shadow imp (D:7)
  3 ufetubi
  5 worms
  3 dart slugs
  23 orcs
  5 bats
  7 endoplasms
  5 giant cockroaches
  5 goblins
  10 hobgoblins
  9 jackals
  4 quokkas
  12 ball pythons
  4 frilled lizards
  12 kobolds
  8 rats
477 creatures vanquished.

Notes
Turn   | Place    | Note
-------+----------+-------------------------------------------
     0 | D:1      | qw the Minotaur Hunter began the quest for the Orb.
     0 | D:1      | Reached XP level 1. HP: 18/18 MP: 0/0
     0 | D:1      | 0 ||| qw: Version: 0.2-a-120-ga58a385
     0 | D:1      | 0 ||| qw: Game counter: 2943
     0 | D:1      | 0 ||| qw: Always use a shield: true
     0 | D:1      | 0 ||| qw: God list: Okawaru
     0 | D:1      | 0 ||| qw: Allow faded altars: false
     0 | D:1      | 0 ||| qw: Do Orc after D:15 true
     0 | D:1      | 0 ||| qw: Do second Lair branch before Depths: true
     0 | D:1      | 0 ||| qw: Lair rune preference: random
     0 | D:1      | 0 ||| qw: Plans: Normal
     0 | D:1      | 0 ||| PLANNING D:1-11
   107 | D:1      | Reached XP level 2. HP: 20/25 MP: 1/1
   109 | D:1      | Reached skill level 5 in Ranged Weapons
   133 | D:1      | Found a faded altar of an unknown god.
   171 | D:1      | Reached skill level 3 in Fighting
   236 | D:1      | Reached XP level 3. HP: 31/31 MP: 2/2
   489 | D:1      | Found Cucloifeah's Jewellery Boutique.
   502 | D:1      | 502 ||| SHOPLISTING +5 ring of evasion (360 gold, have 54).
   502 | D:1      | 502 ||| SHOPLISTING +6 ring of dexterity (360 gold, have
                  | 54).
   502 | D:1      | 502 ||| SHOPLISTING +6 ring of strength (360 gold, have
                  | 54).
   502 | D:1      | 502 ||| SHOPLISTING amulet of regeneration (300 gold, have
                  | 54).
   502 | D:1      | 502 ||| SHOPLISTING ring of see invisible (150 gold, have
                  | 54).
   502 | D:1      | 502 ||| UPGRADING to +0 pair of gloves.
   507 | D:1      | 507 ||| UPGRADING to +0 ring mail.
   517 | D:1      | 517 ||| DROPPING +0 leather armour.
   518 | D:1      | 518 ||| UPGRADING to +2 cloak of preservation.
   523 | D:1      | 523 ||| UPGRADING to +4 ring of slaying {mikee}.
   524 | D:1      | 524 ||| READING scroll labelled PAIJ YGEVAMN.
   525 | D:1      | 525 ||| READING scroll labelled JANA OMURGH.
   525 | D:1      | Identified a scroll of acquirement
   525 | D:1      | 525 ||| ACQUIRING +4 longbow of draining
   525 | D:1      | Acquired a +4 longbow of draining
   527 | D:1      | 527 ||| SWAPPING to +4 longbow of draining.
   528 | D:1      | 528 ||| DROPPING +0 shortbow.
   529 | D:1      | 529 ||| DROPPING scroll of butterflies.
   531 | D:1      | 531 ||| Stepping ~*~*~tactically~*~*~ (cloud).
   619 | D:2      | Found Meut Joa's Book Emporium.
   745 | D:2      | Noticed Sigmund
   751 | D:2      | Killed Sigmund
   752 | D:2      | Reached XP level 4. HP: 20/38 MP: 3/3
   752 | D:2      | Reached XP level 5. HP: 24/45 MP: 4/4
   752 | D:2      | 752 ||| FLEEEEING.
  1066 | D:2      | Noticed Natasha
  1068 | D:2      | Killed Natasha
  1367 | D:2      | 1367 ||| READING scroll labelled ALOASTR ICVUROY.
  1368 | D:2      | 1368 ||| READING scroll labelled BYC GUAJECK.
  1369 | D:2      | 1369 ||| DRINKING 3 fizzy white potions.
  1523 | D:3      | Noticed a phantom
  1529 | D:3      | Killed a phantom
  1530 | D:3      | Reached skill level 6 in Ranged Weapons
  1530 | D:3      | Reached XP level 6. HP: 51/51 MP: 5/5
  2164 | D:3      | 2164 ||| READING scroll labelled DIXTER MICUSK.
  2165 | D:3      | 2165 ||| DRINKING 2 fuming green potions.
  2165 | D:3      | Gained mutation: You occasionally lose the ability to read
                  | scrolls when taking damage. [potion of mutation]
  2165 | D:3      | Gained mutation: You have supernaturally acute eyesight.
                  | (SInv) [potion of mutation]
  2165 | D:3      | Gained mutation: Your flesh is heat resistant. (rF+)
                  | [potion of mutation]
  2166 | D:3      | 2166 ||| DRINKING potion of mutation.
  2166 | D:3      | Lost mutation: Your flesh is heat resistant. (rF+) [potion
                  | of mutation]
  2166 | D:3      | Lost mutation: You have supernaturally acute eyesight.
                  | (SInv) [potion of mutation]
  2166 | D:3      | Gained mutation: You have a somewhat thin skeletal
                  | structure. (Dex +2, Stealth+) [potion of mutation]
  2166 | D:3      | Gained mutation: Your spells are a little harder to cast,
                  | but a little more powerful. [potion of mutation]
  2166 | D:3      | Gained mutation: You have sharp fingernails. [potion of
                  | mutation]
  2204 | D:4      | 2204 ||| PLANNING SEWER
  2233 | D:4      | Noticed a water moccasin
  2241 | D:4      | Killed a water moccasin
  2242 | D:4      | Reached skill level 7 in Ranged Weapons
  2242 | D:4      | Reached XP level 7. HP: 59/59 MP: 6/6
  2368 | D:4      | 2368 ||| Stepping ~*~*~tactically~*~*~ (water).
  2452 | D:4      | Reached skill level 8 in Ranged Weapons
  2457 | D:4      | Found a shimmering altar of Xom.
  2491 | D:4      | Found a broken altar of Ashenzari.
  2720 | D:4      | 2720 ||| Stepping ~*~*~tactically~*~*~ (water).
  2722 | D:4      | 2722 ||| Stepping ~*~*~tactically~*~*~ (water).
  2754 | D:4      | 2754 ||| Stepping ~*~*~tactically~*~*~ (water).
  2771 | D:4      | 2771 ||| Stepping ~*~*~tactically~*~*~ (water).
  2773 | D:4      | 2773 ||| Stepping ~*~*~tactically~*~*~ (water).
  2775 | D:4      | 2775 ||| Stepping ~*~*~tactically~*~*~ (water).
  2783 | D:4      | Found a glowing drain.
  2784 | D:4      | 2784 ||| READING 2 scrolls labelled GIPITUFAIGONI.
  2788 | D:4      | 2788 ||| STAIRDANCE
  2790 | D:3      | 2790 ||| READING scroll labelled XIUHIKHLO OLUT.
  2791 | D:3      | 2791 ||| READING scroll labelled KAKIUD BUTTON.
  2820 | D:4      | 2820 ||| RIP SEWER
  2869 | D:4      | 2869 ||| PLANNING D:1-11
  2925 | D:5      | Entered Level 5 of the Dungeon
  2925 | D:5      | Noticed a yak
  2926 | D:5      | Noticed a yak
  2927 | D:5      | Noticed a yak
  2934 | D:5      | 2934 ||| STAIRDANCE
  2936 | D:4      | Killed a yak
  2940 | D:4      | Killed a yak
  2941 | D:4      | Reached skill level 3 in Dodging
  3005 | D:5      | Killed a yak
  3006 | D:5      | Reached XP level 8. HP: 70/70 MP: 7/7
  3135 | D:5      | Reached skill level 9 in Ranged Weapons
  3140 | D:5      | Reached skill level 6 in Fighting
  3148 | D:5      | Noticed Blork the orc
  3161 | D:5      | Killed Blork the orc
  3282 | D:5      | 3282 ||| READING scroll of enchant weapon.
  3282 | D:5      | 3282 ||| ENCHANTING +5 longbow of draining.
  3342 | D:5      | 3342 ||| READING scroll of enchant weapon.
  3342 | D:5      | 3342 ||| ENCHANTING +6 longbow of draining.
  3485 | D:5      | Reached skill level 10 in Ranged Weapons
  3486 | D:5      | Found Tyucyaq's Antique Armour Boutique.
  3492 | D:5      | 3492 ||| SHOPLISTING runed ring mail (245 gold, have 143).
  4089 | D:5      | 4089 ||| UPGRADING to +1 hat.
  4094 | D:5      | 4094 ||| READING scroll labelled TAOVAS BU HIAV.
  4139 | D:6      | 4139 ||| STAIRDANCE
  4171 | D:5      | 4171 ||| UPGRADING to +0 steam dragon scales.
  4181 | D:5      | 4181 ||| DROPPING +0 ring mail.
  4188 | D:6      | Reached XP level 9. HP: 79/79 MP: 8/8
  4460 | D:6      | 4460 ||| Stepping ~*~*~tactically~*~*~ (outnumbered).
  4462 | D:6      | 4462 ||| Stepping ~*~*~tactically~*~*~ (outnumbered).
  4464 | D:6      | 4464 ||| Stepping ~*~*~tactically~*~*~ (outnumbered).
  4466 | D:6      | 4466 ||| Stepping ~*~*~tactically~*~*~ (outnumbered).
  4468 | D:6      | 4468 ||| Stepping ~*~*~tactically~*~*~ (outnumbered).
  4470 | D:6      | 4470 ||| Stepping ~*~*~tactically~*~*~ (outnumbered).
  4472 | D:6      | 4472 ||| Stepping ~*~*~tactically~*~*~ (outnumbered).
  4474 | D:6      | 4474 ||| Stepping ~*~*~tactically~*~*~ (outnumbered).
  4484 | D:6      | Reached skill level 11 in Ranged Weapons
  4798 | D:6      | 4798 ||| UPGRADING to amulet of reflection.
  4803 | D:6      | 4803 ||| READING scroll labelled ZUWUOMO DAPROE.
  4804 | D:6      | 4804 ||| READING scroll labelled FIDOSUBR XIWA.
  4805 | D:6      | 4805 ||| DRINKING 3 dark potions.
  4806 | D:6      | 4806 ||| DROPPING 2 potions of brilliance.
  4945 | D:7      | Reached skill level 6 in Dodging
  5072 | D:7      | Reached skill level 12 in Ranged Weapons
  5174 | D:7      | 5174 ||| Stepping ~*~*~tactically~*~*~ (outnumbered).
  5238 | D:7      | Found Fegulyck's Antique Armour Emporium.
  5242 | D:7      | 5242 ||| BUYING pair of embroidered boots (210 gold).
  5242 | D:7      | Bought a pair of embroidered boots for 210 gold pieces
  5299 | D:7      | Found a staircase to the Ecumenical Temple.
  5300 | D:7      | 5300 ||| PLANNING TEMPLE
  5300 | D:7      | 5300 ||| UPGRADING to +1 pair of boots.
  5315 | Temple   | Entered the Ecumenical Temple
  5317 | Temple   | 5317 ||| PLANNING OKAWARU WORSHIP
  5324 | Temple   | Became a worshipper of Warmaster Okawaru
  5324 | Temple   | 5324 ||| PLANNING D:1-11
  5347 | D:7      | 5347 ||| READING scroll of enchant weapon.
  5347 | D:7      | 5347 ||| ENCHANTING +7 longbow of draining.
  5606 | D:8      | Found Serav's Book Boutique.
  5616 | D:8      | Reached * piety under Okawaru
  5617 | D:8      | Reached XP level 10. HP: 88/88 MP: 9/9
  5623 | D:8      | Reached skill level 1 in Invocations
  6066 | D:8      | Found Icateagi's Gadget Gallery.
  6155 | D:8      | Noticed Gastronok
  6156 | D:8      | 6156 ||| INVOKING Heroism.
  6160 | D:8      | Killed Gastronok
  6160 | D:8      | Reached ** piety under Okawaru
  6161 | D:8      | Reached skill level 13 in Ranged Weapons
  6161 | D:8      | Reached skill level 3 in Invocations
  6259 | D:8      | 6259 ||| UPGRADING to +2 pair of gloves of stealth.
  6269 | D:8      | 6269 ||| DROPPING +0 pair of gloves.
  6270 | D:8      | 6270 ||| READING scroll labelled LOOFIU PAET ILUTA.
  6271 | D:8      | 6271 ||| READING 4 scrolls of identify.
  6271 | D:8      | 6271 ||| IDENTIFYING fuming sapphire potion
  6272 | D:8      | 6272 ||| READING 3 scrolls of identify.
  6272 | D:8      | 6272 ||| IDENTIFYING cyan potion
  6273 | D:8      | 6273 ||| READING 2 scrolls of identify.
  6273 | D:8      | 6273 ||| IDENTIFYING sedimented ruby potion
  6274 | D:8      | 6274 ||| DROPPING potion of enlightenment.
  6275 | D:8      | 6275 ||| DROPPING potion of degeneration.
  6276 | D:8      | 6276 ||| DROPPING potion of lignification.
  6340 | D:9      | Noticed a two-headed ogre
  6341 | D:9      | 6341 ||| INVOKING Heroism.
  6343 | D:9      | Killed a two-headed ogre
  6468 | D:9      | Found a runed translucent gate.
  6469 | D:9      | Found a runed translucent gate.
  6469 | D:9      | Found a runed translucent gate.
  6470 | D:9      | Noticed qw's ghost (novice GrFi)
  6471 | D:9      | Noticed qw's ghost (novice MiHu)
  6471 | D:9      | Noticed qw's ghost (journeyman MiHu)
  6631 | D:9      | Reached skill level 9 in Fighting
  6872 | D:9      | Noticed Maurice
  6874 | D:9      | Killed Maurice
  6874 | D:9      | Reached *** piety under Okawaru
  6957 | D:9      | 6957 ||| INVOKING Heroism.
  7538 | D:9      | 7538 ||| UPGRADING to ring of willpower.
  7539 | D:9      | 7539 ||| UPGRADING to +4 ring of protection.
  7541 | D:9      | 7541 ||| DROPPING ring of willpower.
  7542 | D:9      | 7542 ||| READING scroll labelled PACUVIYBLA.
  7543 | D:9      | 7543 ||| DRINKING 2 fizzy dark potions.
  7544 | D:9      | 7544 ||| READING 2 scrolls of identify.
  7544 | D:9      | 7544 ||| IDENTIFYING orange potion
  7560 | D:10     | Entered Level 10 of the Dungeon
  7568 | D:10     | Noticed Lodul
  7569 | D:10     | 7569 ||| INVOKING Heroism.
  7581 | D:10     | Killed Lodul
  7582 | D:10     | Reached skill level 14 in Ranged Weapons
  7582 | D:10     | Reached XP level 11. HP: 96/97 MP: 11/13
  7583 | D:10     | Reached **** piety under Okawaru
  7603 | D:10     | Found a blossoming altar of Fedhas.
  7624 | D:10     | 7624 ||| INVOKING Heroism.
  7646 | D:10     | Noticed Joseph
  7650 | D:10     | Killed Joseph
  7726 | D:10     | 7726 ||| INVOKING Heroism.
  7764 | D:10     | Noticed a two-headed ogre
  7765 | D:10     | 7765 ||| INVOKING Heroism.
  7768 | D:10     | Killed a two-headed ogre
  7768 | D:10     | Received a gift from Okawaru
  7769 | D:10     | Reached skill level 6 in Invocations
  7816 | D:10     | 7816 ||| INVOKING Heroism.
  7849 | D:10     | 7849 ||| DRINKING potion of resistance.
  7868 | D:10     | Found a staircase to the Lair.
  8073 | D:10     | 8073 ||| INVOKING Heroism.
  8234 | D:10     | Found a staircase to the Orcish Mines.
  8305 | D:10     | You fall into a shaft and drop 2 floors!
  8319 | D:12     | 8319 ||| INVOKING Heroism.
  8336 | D:12     | 8336 ||| UPGRADING to +0 acid dragon scales.
  8346 | D:12     | 8346 ||| READING 3 scrolls of identify.
  8346 | D:12     | 8346 ||| IDENTIFYING fuming puce potion
  8347 | D:12     | 8347 ||| READING 2 scrolls of identify.
  8347 | D:12     | 8347 ||| IDENTIFYING black potion
  8348 | D:12     | 8348 ||| DROPPING potion of ambrosia.
  8349 | D:12     | 8349 ||| DROPPING potion of berserk rage.
  8364 | D:11     | 8364 ||| INVOKING Heroism.
  8519 | D:10     | Found a hazy altar of Hepliaklqana.
  8548 | D:10     | Found a glowing silver altar of Zin.
  8549 | D:10     | 8549 ||| PLANNING LAIR
  8668 | Lair:1   | Entered Level 1 of the Lair of Beasts
  8674 | Lair:1   | 8674 ||| INVOKING Heroism.
  8738 | Lair:1   | 8738 ||| INVOKING Heroism.
  8741 | Lair:1   | Reached skill level 6 in Armour
  8788 | Lair:1   | Reached ***** piety under Okawaru
  8831 | Lair:1   | Reached XP level 12. HP: 106/106 MP: 17/17
  8831 | Lair:1   | 8831 ||| INVOKING Heroism.
  8888 | Lair:1   | 8888 ||| INVOKING Heroism.
  8891 | Lair:1   | Reached skill level 15 in Ranged Weapons
  8945 | Lair:1   | 8945 ||| READING scroll of acquirement.
  8945 | Lair:1   | 8945 ||| ACQUIRING +1 triple crossbow of freezing
  8945 | Lair:1   | Acquired a +1 triple crossbow of freezing
  8947 | Lair:1   | 8947 ||| SWAPPING to +1 triple crossbow of freezing.
  9431 | Lair:1   | 9431 ||| DROPPING amulet of the acrobat.
  9432 | Lair:1   | 9432 ||| READING scroll labelled VEASYI OXTOWK.
  9533 | Lair:1   | 9533 ||| DRINKING 2 metallic pink potions.
  9534 | Lair:1   | 9534 ||| READING 2 scrolls of identify.
  9534 | Lair:1   | 9534 ||| IDENTIFYING murky clear potion
  9565 | Lair:2   | 9565 ||| READING scroll of enchant weapon.
  9565 | Lair:2   | 9565 ||| ENCHANTING +1 triple crossbow of freezing.
  9614 | Lair:2   | 9614 ||| INVOKING Heroism.
  9617 | Lair:2   | Reached skill level 9 in Invocations
  9658 | Lair:2   | 9658 ||| INVOKING Heroism.
  9678 | Lair:2   | 9678 ||| INVOKING Heroism.
  9746 | Lair:2   | Found a staircase to the Snake Pit.
  9758 | Lair:2   | 9758 ||| INVOKING Heroism.
  9850 | Lair:2   | 9850 ||| FLEEEEING.
  9909 | Lair:2   | Found a staircase to the Swamp.
  9916 | Lair:2   | 9916 ||| FLEEEEING.
  9970 | Lair:2   | Noticed an eight-headed hydra
  9971 | Lair:2   | 9971 ||| INVOKING Heroism.
  9973 | Lair:2   | Killed an eight-headed hydra
 10294 | Lair:2   | 10294 ||| INVOKING Heroism.
 10863 | Lair:2   | 10863 ||| DROPPING +6 ring of strength.
 10864 | Lair:2   | 10864 ||| DRINKING 2 sedimented blue potions.
 10942 | Lair:3   | Reached skill level 16 in Ranged Weapons
 10943 | Lair:3   | 10943 ||| FLEEEEING.
 10944 | Lair:3   | 10944 ||| FLEEEEING.
 10950 | Lair:3   | Noticed Sonja
 10951 | Lair:3   | 10951 ||| INVOKING Finesse.
 10955 | Lair:3   | Noticed a six-headed hydra
 10956 | Lair:3   | 10956 ||| INVOKING Heroism.
 10961 | Lair:3   | 10961 ||| SWAPPING to +8 longbow of flaming.
 10968 | Lair:3   | Killed a six-headed hydra
 10969 | Lair:3   | 10969 ||| SWAPPING to +2 triple crossbow of freezing.
 10973 | Lair:3   | Killed Sonja
 11118 | Lair:3   | 11118 ||| INVOKING Heroism.
 11248 | Lair:3   | 11248 ||| INVOKING Heroism.
 11251 | Lair:3   | Reached skill level 9 in Dodging
 11283 | Lair:3   | 11283 ||| INVOKING Heroism.
 11592 | Lair:4   | 11592 ||| READING scroll of enchant weapon.
 11592 | Lair:4   | 11592 ||| ENCHANTING +2 triple crossbow of freezing.
 11604 | Lair:4   | 11604 ||| INVOKING Heroism.
 11607 | Lair:4   | Reached XP level 13. HP: 116/116 MP: 16/19
 11621 | Lair:4   | 11621 ||| READING scroll of enchant weapon.
 11621 | Lair:4   | 11621 ||| ENCHANTING +3 triple crossbow of freezing.
 11656 | Lair:4   | 11656 ||| INVOKING Heroism.
 11829 | Lair:4   | 11829 ||| DROPPING ring of ice.
 11843 | Lair:4   | 11843 ||| READING scroll labelled UTIUNO GIRAUFF.
 11847 | Lair:4   | Reached skill level 17 in Ranged Weapons
 11899 | Lair:4   | 11899 ||| INVOKING Heroism.
 11903 | Lair:4   | 11903 ||| INVOKING Finesse.
 11945 | Lair:4   | Found a staircase to the Slime Pits.
 11957 | Lair:4   | Identified the +5 rapier of Purpose {freeze, rElec}
 12048 | Lair:4   | 12048 ||| READING scroll of enchant weapon.
 12048 | Lair:4   | 12048 ||| ENCHANTING +4 triple crossbow of freezing.
 12120 | Lair:4   | Received a gift from Okawaru
 12372 | Lair:4   | 12372 ||| READING scroll labelled ALAIDO UQOTUSK.
 12551 | Lair:5   | Entered Level 5 of the Lair of Beasts
 12552 | Lair:5   | 12552 ||| INVOKING Heroism.
 12617 | Lair:5   | 12617 ||| INVOKING Heroism.
 12772 | Lair:5   | 12772 ||| INVOKING Heroism.
 12783 | Lair:5   | Reached skill level 18 in Ranged Weapons
 12800 | Lair:5   | 12800 ||| INVOKING Heroism.
 12810 | Lair:5   | Reached skill level 12 in Fighting
 12935 | Lair:5   | 12935 ||| INVOKING Heroism.
 12979 | Lair:5   | 12979 ||| INVOKING Heroism.
 13008 | Lair:5   | 13008 ||| INVOKING Heroism.
 13045 | Lair:5   | 13045 ||| INVOKING Heroism.
 13086 | Lair:5   | 13086 ||| INVOKING Finesse.
 13134 | Lair:5   | 13134 ||| INVOKING Heroism.
 13207 | Lair:5   | 13207 ||| INVOKING Heroism.
 13209 | Lair:5   | 13209 ||| Stepping ~*~*~tactically~*~*~ (cloud).
 13210 | Lair:5   | 13210 ||| Stepping ~*~*~tactically~*~*~ (cloud).
 13213 | Lair:5   | 13213 ||| Stepping ~*~*~tactically~*~*~ (cloud).
 13239 | Lair:5   | 13239 ||| INVOKING Heroism.
 13242 | Lair:5   | Reached XP level 14. HP: 126/126 MP: 17/20
 13307 | Lair:5   | Reached skill level 19 in Ranged Weapons
 13316 | Lair:5   | 13316 ||| INVOKING Heroism.
 13445 | Lair:5   | 13445 ||| INVOKING Heroism.
 13455 | Lair:5   | 13455 ||| INVOKING Finesse.
 13523 | Lair:5   | 13523 ||| INVOKING Heroism.
 13525 | Lair:5   | 13525 ||| READING scroll labelled JIRA MOLEW.
 13536 | Lair:5   | 13536 ||| Stepping ~*~*~tactically~*~*~ (water).
 13538 | Lair:5   | 13538 ||| INVOKING Heroism.
 13539 | Lair:5   | 13539 ||| SWAPPING to +8 longbow of flaming.
 13542 | Lair:5   | 13542 ||| SWAPPING to +5 triple crossbow of freezing.
 13809 | Lair:5   | 13809 ||| PLANNING D:1-11
 14018 | D:11     | Found Ruonibuv's Distillery.
 14026 | D:11     | 14026 ||| BUYING potion of cancellation (120 gold).
 14026 | D:11     | Bought a potion of cancellation for 120 gold pieces
 14119 | D:11     | Found a blossoming altar of Fedhas.
 14162 | D:11     | Received a gift from Okawaru
 14417 | D:11     | 14417 ||| DRINKING 3 potions of curing.
 14417 | D:11     | 14417 ||| (to cure confusion)
 14673 | D:11     | 14673 ||| PLANNING D
 14673 | D:11     | 14673 ||| DROPPING +0 steam dragon scales.
 14674 | D:11     | 14674 ||| UPGRADING to +0 troll leather armour.
 14684 | D:11     | 14684 ||| DROPPING +0 acid dragon scales.
 14708 | D:12     | 14708 ||| Stepping randomly (disturbance).
 14709 | D:12     | 14709 ||| Stepping randomly (disturbance).
 14710 | D:12     | 14710 ||| Stepping randomly (disturbance).
 14732 | D:12     | 14732 ||| INVOKING Heroism.
 14733 | D:12     | 14733 ||| INVOKING Finesse.
 14894 | D:12     | 14894 ||| Stepping ~*~*~tactically~*~*~ (outnumbered).
 14896 | D:12     | 14896 ||| Stepping ~*~*~tactically~*~*~ (outnumbered).
 14898 | D:12     | 14898 ||| Stepping ~*~*~tactically~*~*~ (outnumbered).
 14913 | D:12     | Reached skill level 20 in Ranged Weapons
 15120 | D:12     | 15120 ||| DROPPING amulet of magic regeneration.
 15121 | D:12     | 15121 ||| Stepping randomly (disturbance).
 15122 | D:12     | 15122 ||| Stepping randomly (disturbance).
 15123 | D:12     | 15123 ||| Stepping randomly (disturbance).
 15131 | D:12     | 15131 ||| Stepping randomly (disturbance).
 15206 | D:12     | 15206 ||| INVOKING Heroism.
 15207 | D:12     | 15207 ||| INVOKING Finesse.
 15209 | D:12     | 15209 ||| Stepping ~*~*~tactically~*~*~ (water).
 15211 | D:12     | 15211 ||| Stepping ~*~*~tactically~*~*~ (water).
 15213 | D:12     | 15213 ||| Stepping ~*~*~tactically~*~*~ (water).
 15215 | D:12     | 15215 ||| Stepping ~*~*~tactically~*~*~ (water).
 15217 | D:12     | 15217 ||| Stepping ~*~*~tactically~*~*~ (water).
 15219 | D:12     | 15219 ||| Stepping ~*~*~tactically~*~*~ (water).
 15221 | D:12     | 15221 ||| Stepping ~*~*~tactically~*~*~ (water).
 15223 | D:12     | 15223 ||| Stepping ~*~*~tactically~*~*~ (water).
 15224 | D:12     | 15224 ||| FLEEEEING.
 15245 | D:12     | 15245 ||| INVOKING Heroism.
 15247 | D:12     | 15247 ||| Stepping ~*~*~tactically~*~*~ (water).
 15249 | D:12     | 15249 ||| Stepping ~*~*~tactically~*~*~ (water).
 15251 | D:12     | 15251 ||| Stepping ~*~*~tactically~*~*~ (water).
 15253 | D:12     | 15253 ||| Stepping ~*~*~tactically~*~*~ (water).
 15255 | D:12     | 15255 ||| Stepping ~*~*~tactically~*~*~ (water).
 15257 | D:12     | 15257 ||| Stepping ~*~*~tactically~*~*~ (water).
 15259 | D:12     | 15259 ||| Stepping ~*~*~tactically~*~*~ (water).
 15261 | D:12     | 15261 ||| Stepping ~*~*~tactically~*~*~ (water).
 15263 | D:12     | 15263 ||| Stepping ~*~*~tactically~*~*~ (water).
 15265 | D:12     | 15265 ||| Stepping ~*~*~tactically~*~*~ (water).
 15267 | D:12     | 15267 ||| Stepping ~*~*~tactically~*~*~ (water).
 15269 | D:12     | 15269 ||| Stepping ~*~*~tactically~*~*~ (water).
 15271 | D:12     | 15271 ||| Stepping ~*~*~tactically~*~*~ (water).
 15273 | D:12     | 15273 ||| Stepping ~*~*~tactically~*~*~ (water).
 15275 | D:12     | 15275 ||| INVOKING Heroism.
 15276 | D:12     | 15276 ||| Stepping ~*~*~tactically~*~*~ (water).
 15278 | D:12     | 15278 ||| Stepping ~*~*~tactically~*~*~ (water).
 15280 | D:12     | 15280 ||| Stepping ~*~*~tactically~*~*~ (water).
 15282 | D:12     | 15282 ||| Stepping ~*~*~tactically~*~*~ (water).
 15284 | D:12     | 15284 ||| Stepping ~*~*~tactically~*~*~ (water).
 15286 | D:12     | 15286 ||| Stepping ~*~*~tactically~*~*~ (water).
 15288 | D:12     | 15288 ||| Stepping ~*~*~tactically~*~*~ (water).
 15290 | D:12     | 15290 ||| Stepping ~*~*~tactically~*~*~ (water).
 15292 | D:12     | 15292 ||| Stepping ~*~*~tactically~*~*~ (water).
 15294 | D:12     | 15294 ||| Stepping ~*~*~tactically~*~*~ (water).
 15296 | D:12     | 15296 ||| Stepping ~*~*~tactically~*~*~ (water).
 15298 | D:12     | 15298 ||| Stepping ~*~*~tactically~*~*~ (water).
 15300 | D:12     | 15300 ||| Stepping ~*~*~tactically~*~*~ (water).
 15302 | D:12     | 15302 ||| Stepping ~*~*~tactically~*~*~ (water).
 15304 | D:12     | 15304 ||| Stepping ~*~*~tactically~*~*~ (water).
 15306 | D:12     | 15306 ||| Stepping ~*~*~tactically~*~*~ (water).
 15308 | D:12     | 15308 ||| Stepping ~*~*~tactically~*~*~ (water).
 15310 | D:12     | 15310 ||| Stepping ~*~*~tactically~*~*~ (water).
 15311 | D:12     | 15311 ||| INVOKING Heroism.
 15313 | D:12     | 15313 ||| Stepping ~*~*~tactically~*~*~ (water).
 15315 | D:12     | 15315 ||| Stepping ~*~*~tactically~*~*~ (water).
 15317 | D:12     | 15317 ||| Stepping ~*~*~tactically~*~*~ (water).
 15319 | D:12     | 15319 ||| Stepping ~*~*~tactically~*~*~ (water).
 15321 | D:12     | 15321 ||| Stepping ~*~*~tactically~*~*~ (water).
 15323 | D:12     | 15323 ||| Stepping ~*~*~tactically~*~*~ (water).
 15325 | D:12     | 15325 ||| Stepping ~*~*~tactically~*~*~ (water).
 15327 | D:12     | 15327 ||| Stepping ~*~*~tactically~*~*~ (water).
 15329 | D:12     | 15329 ||| Stepping ~*~*~tactically~*~*~ (water).
 15331 | D:12     | 15331 ||| Stepping ~*~*~tactically~*~*~ (water).
 15333 | D:12     | 15333 ||| Stepping ~*~*~tactically~*~*~ (water).
 15335 | D:12     | 15335 ||| Stepping ~*~*~tactically~*~*~ (water).
 15337 | D:12     | 15337 ||| Stepping ~*~*~tactically~*~*~ (water).
 15339 | D:12     | 15339 ||| Stepping ~*~*~tactically~*~*~ (water).
 15341 | D:12     | 15341 ||| Stepping ~*~*~tactically~*~*~ (water).
 15343 | D:12     | 15343 ||| Stepping ~*~*~tactically~*~*~ (water).
 15345 | D:12     | 15345 ||| Stepping ~*~*~tactically~*~*~ (water).
 15346 | D:12     | 15346 ||| INVOKING Heroism.
 15348 | D:12     | 15348 ||| Stepping ~*~*~tactically~*~*~ (water).
 15350 | D:12     | 15350 ||| Stepping ~*~*~tactically~*~*~ (water).
 15352 | D:12     | 15352 ||| Stepping ~*~*~tactically~*~*~ (water).
 15354 | D:12     | 15354 ||| Stepping ~*~*~tactically~*~*~ (water).
 15356 | D:12     | 15356 ||| Stepping ~*~*~tactically~*~*~ (water).
 15358 | D:12     | 15358 ||| Stepping ~*~*~tactically~*~*~ (water).
 15360 | D:12     | 15360 ||| Stepping ~*~*~tactically~*~*~ (water).
 15362 | D:12     | 15362 ||| Stepping ~*~*~tactically~*~*~ (water).
 15364 | D:12     | 15364 ||| INVOKING Heroism.
 15365 | D:12     | 15365 ||| Stepping ~*~*~tactically~*~*~ (water).
 15367 | D:12     | 15367 ||| Stepping ~*~*~tactically~*~*~ (water).
 15369 | D:12     | 15369 ||| Stepping ~*~*~tactically~*~*~ (water).
 15371 | D:12     | 15371 ||| Stepping ~*~*~tactically~*~*~ (water).
 15373 | D:12     | 15373 ||| Stepping ~*~*~tactically~*~*~ (water).
 15375 | D:12     | 15375 ||| Stepping ~*~*~tactically~*~*~ (water).
 15377 | D:12     | 15377 ||| Stepping ~*~*~tactically~*~*~ (water).
 15379 | D:12     | 15379 ||| Stepping ~*~*~tactically~*~*~ (water).
 15381 | D:12     | 15381 ||| FLEEEEING.
 15382 | D:12     | 15382 ||| FLEEEEING.
 15508 | D:12     | 15508 ||| INVOKING Heroism.
 15510 | D:12     | 15510 ||| Stepping ~*~*~tactically~*~*~ (water).
 15512 | D:12     | 15512 ||| Stepping ~*~*~tactically~*~*~ (water).
 15514 | D:12     | 15514 ||| Stepping ~*~*~tactically~*~*~ (water).
 15516 | D:12     | 15516 ||| Stepping ~*~*~tactically~*~*~ (water).
 15518 | D:12     | 15518 ||| Stepping ~*~*~tactically~*~*~ (water).
 15520 | D:12     | 15520 ||| Stepping ~*~*~tactically~*~*~ (water).
 15522 | D:12     | 15522 ||| Stepping ~*~*~tactically~*~*~ (water).
 15524 | D:12     | 15524 ||| Stepping ~*~*~tactically~*~*~ (water).
 15526 | D:12     | 15526 ||| Stepping ~*~*~tactically~*~*~ (water).
 15528 | D:12     | 15528 ||| Stepping ~*~*~tactically~*~*~ (water).
 15530 | D:12     | 15530 ||| Stepping ~*~*~tactically~*~*~ (water).
 15532 | D:12     | 15532 ||| Stepping ~*~*~tactically~*~*~ (water).
 15534 | D:12     | 15534 ||| Stepping ~*~*~tactically~*~*~ (water).
 15536 | D:12     | 15536 ||| Stepping ~*~*~tactically~*~*~ (water).
 15538 | D:12     | 15538 ||| Stepping ~*~*~tactically~*~*~ (water).
 15540 | D:12     | 15540 ||| Stepping ~*~*~tactically~*~*~ (water).
 15542 | D:12     | 15542 ||| Stepping ~*~*~tactically~*~*~ (water).
 15543 | D:12     | 15543 ||| INVOKING Heroism.
 15545 | D:12     | 15545 ||| Stepping ~*~*~tactically~*~*~ (water).
 15547 | D:12     | 15547 ||| Stepping ~*~*~tactically~*~*~ (water).
 15549 | D:12     | 15549 ||| Stepping ~*~*~tactically~*~*~ (water).
 15551 | D:12     | 15551 ||| Stepping ~*~*~tactically~*~*~ (water).
 15553 | D:12     | 15553 ||| Stepping ~*~*~tactically~*~*~ (water).
 15555 | D:12     | 15555 ||| Stepping ~*~*~tactically~*~*~ (water).
 15557 | D:12     | 15557 ||| Stepping ~*~*~tactically~*~*~ (water).
 15559 | D:12     | 15559 ||| Stepping ~*~*~tactically~*~*~ (water).
 15561 | D:12     | 15561 ||| Stepping ~*~*~tactically~*~*~ (water).
 15563 | D:12     | 15563 ||| Stepping ~*~*~tactically~*~*~ (water).
 15565 | D:12     | 15565 ||| Stepping ~*~*~tactically~*~*~ (water).
 15567 | D:12     | 15567 ||| Stepping ~*~*~tactically~*~*~ (water).
 15569 | D:12     | 15569 ||| Stepping ~*~*~tactically~*~*~ (water).
 15570 | D:12     | 15570 ||| FLEEEEING.
 15589 | D:12     | 15589 ||| INVOKING Heroism.
 15591 | D:12     | 15591 ||| Stepping ~*~*~tactically~*~*~ (water).
 15593 | D:12     | 15593 ||| Stepping ~*~*~tactically~*~*~ (water).
 15595 | D:12     | 15595 ||| Stepping ~*~*~tactically~*~*~ (water).
 15597 | D:12     | 15597 ||| Stepping ~*~*~tactically~*~*~ (water).
 15599 | D:12     | 15599 ||| Stepping ~*~*~tactically~*~*~ (water).
 15601 | D:12     | 15601 ||| Stepping ~*~*~tactically~*~*~ (water).
 15603 | D:12     | 15603 ||| Stepping ~*~*~tactically~*~*~ (water).
 15605 | D:12     | 15605 ||| Stepping ~*~*~tactically~*~*~ (water).
 15607 | D:12     | 15607 ||| Stepping ~*~*~tactically~*~*~ (water).
 15609 | D:12     | 15609 ||| Stepping ~*~*~tactically~*~*~ (water).
 15611 | D:12     | 15611 ||| Stepping ~*~*~tactically~*~*~ (water).
 15613 | D:12     | 15613 ||| Stepping ~*~*~tactically~*~*~ (water).
 15615 | D:12     | 15615 ||| Stepping ~*~*~tactically~*~*~ (water).
 15617 | D:12     | 15617 ||| Stepping ~*~*~tactically~*~*~ (water).
 15619 | D:12     | 15619 ||| Stepping ~*~*~tactically~*~*~ (water).
 15621 | D:12     | 15621 ||| Stepping ~*~*~tactically~*~*~ (water).
 15623 | D:12     | 15623 ||| Stepping ~*~*~tactically~*~*~ (water).
 15624 | D:12     | 15624 ||| INVOKING Heroism.
 15626 | D:12     | 15626 ||| Stepping ~*~*~tactically~*~*~ (water).
 15628 | D:12     | 15628 ||| Stepping ~*~*~tactically~*~*~ (water).
 15630 | D:12     | 15630 ||| Stepping ~*~*~tactically~*~*~ (water).
 15632 | D:12     | 15632 ||| Stepping ~*~*~tactically~*~*~ (water).
 15634 | D:12     | 15634 ||| Stepping ~*~*~tactically~*~*~ (water).
 15636 | D:12     | 15636 ||| FLEEEEING.
 15637 | D:12     | 15637 ||| FLEEEEING.
 15762 | D:12     | 15762 ||| INVOKING Heroism.
 15764 | D:12     | 15764 ||| Stepping ~*~*~tactically~*~*~ (water).
 15766 | D:12     | 15766 ||| Stepping ~*~*~tactically~*~*~ (water).
 15768 | D:12     | 15768 ||| Stepping ~*~*~tactically~*~*~ (water).
 15770 | D:12     | 15770 ||| Stepping ~*~*~tactically~*~*~ (water).
 15772 | D:12     | 15772 ||| Stepping ~*~*~tactically~*~*~ (water).
 15774 | D:12     | 15774 ||| Stepping ~*~*~tactically~*~*~ (water).
 15776 | D:12     | 15776 ||| Stepping ~*~*~tactically~*~*~ (water).
 15778 | D:12     | 15778 ||| Stepping ~*~*~tactically~*~*~ (water).
 15780 | D:12     | 15780 ||| Stepping ~*~*~tactically~*~*~ (water).
 15782 | D:12     | 15782 ||| Stepping ~*~*~tactically~*~*~ (water).
 15784 | D:12     | 15784 ||| Stepping ~*~*~tactically~*~*~ (water).
 15786 | D:12     | 15786 ||| Stepping ~*~*~tactically~*~*~ (water).
 15788 | D:12     | 15788 ||| Stepping ~*~*~tactically~*~*~ (water).
 15790 | D:12     | 15790 ||| Stepping ~*~*~tactically~*~*~ (water).
 15792 | D:12     | 15792 ||| Stepping ~*~*~tactically~*~*~ (water).
 15794 | D:12     | 15794 ||| Stepping ~*~*~tactically~*~*~ (water).
 15796 | D:12     | 15796 ||| Stepping ~*~*~tactically~*~*~ (water).
 15797 | D:12     | 15797 ||| FLEEEEING.
 15921 | D:12     | 15921 ||| INVOKING Heroism.
 15923 | D:12     | 15923 ||| Stepping ~*~*~tactically~*~*~ (water).
 15925 | D:12     | 15925 ||| Stepping ~*~*~tactically~*~*~ (water).
 15927 | D:12     | 15927 ||| Stepping ~*~*~tactically~*~*~ (water).
 15929 | D:12     | 15929 ||| Stepping ~*~*~tactically~*~*~ (water).
 15931 | D:12     | 15931 ||| Stepping ~*~*~tactically~*~*~ (water).
 15933 | D:12     | 15933 ||| Stepping ~*~*~tactically~*~*~ (water).
 15935 | D:12     | 15935 ||| Stepping ~*~*~tactically~*~*~ (water).
 15937 | D:12     | 15937 ||| Stepping ~*~*~tactically~*~*~ (water).
 15939 | D:12     | 15939 ||| Stepping ~*~*~tactically~*~*~ (water).
 15941 | D:12     | 15941 ||| Stepping ~*~*~tactically~*~*~ (water).
 15943 | D:12     | 15943 ||| Stepping ~*~*~tactically~*~*~ (water).
 15945 | D:12     | 15945 ||| Stepping ~*~*~tactically~*~*~ (water).
 15947 | D:12     | 15947 ||| Stepping ~*~*~tactically~*~*~ (water).
 15949 | D:12     | 15949 ||| FLEEEEING.
 15950 | D:12     | 15950 ||| FLEEEEING.
 16070 | D:12     | 16070 ||| INVOKING Heroism.
 16072 | D:12     | 16072 ||| Stepping ~*~*~tactically~*~*~ (water).
 16074 | D:12     | 16074 ||| Stepping ~*~*~tactically~*~*~ (water).
 16076 | D:12     | 16076 ||| Stepping ~*~*~tactically~*~*~ (water).
 16078 | D:12     | 16078 ||| Stepping ~*~*~tactically~*~*~ (water).
 16080 | D:12     | 16080 ||| Stepping ~*~*~tactically~*~*~ (water).
 16082 | D:12     | 16082 ||| Stepping ~*~*~tactically~*~*~ (water).
 16084 | D:12     | 16084 ||| Stepping ~*~*~tactically~*~*~ (water).
 16086 | D:12     | 16086 ||| Stepping ~*~*~tactically~*~*~ (water).
 16088 | D:12     | 16088 ||| INVOKING Heroism.
 16089 | D:12     | 16089 ||| Stepping ~*~*~tactically~*~*~ (water).
 16091 | D:12     | 16091 ||| Stepping ~*~*~tactically~*~*~ (water).
 16093 | D:12     | 16093 ||| Stepping ~*~*~tactically~*~*~ (water).
 16095 | D:12     | 16095 ||| Stepping ~*~*~tactically~*~*~ (water).
 16097 | D:12     | 16097 ||| Stepping ~*~*~tactically~*~*~ (water).
 16099 | D:12     | 16099 ||| Stepping ~*~*~tactically~*~*~ (water).
 16101 | D:12     | 16101 ||| Stepping ~*~*~tactically~*~*~ (water).
 16103 | D:12     | 16103 ||| Stepping ~*~*~tactically~*~*~ (water).
 16105 | D:12     | 16105 ||| Stepping ~*~*~tactically~*~*~ (water).
 16107 | D:12     | 16107 ||| FLEEEEING.
 16108 | D:12     | 16108 ||| FLEEEEING.
 16228 | D:12     | 16228 ||| INVOKING Heroism.
 16230 | D:12     | 16230 ||| Stepping ~*~*~tactically~*~*~ (water).
 16232 | D:12     | 16232 ||| Stepping ~*~*~tactically~*~*~ (water).
 16234 | D:12     | 16234 ||| Stepping ~*~*~tactically~*~*~ (water).
 16236 | D:12     | 16236 ||| Stepping ~*~*~tactically~*~*~ (water).
 16238 | D:12     | 16238 ||| Stepping ~*~*~tactically~*~*~ (water).
 16240 | D:12     | 16240 ||| Stepping ~*~*~tactically~*~*~ (water).
 16242 | D:12     | 16242 ||| Stepping ~*~*~tactically~*~*~ (water).
 16244 | D:12     | 16244 ||| Stepping ~*~*~tactically~*~*~ (water).
 16246 | D:12     | 16246 ||| Stepping ~*~*~tactically~*~*~ (water).
 16248 | D:12     | 16248 ||| FLEEEEING.
 16249 | D:12     | 16249 ||| FLEEEEING.
 16369 | D:12     | 16369 ||| INVOKING Heroism.
 16371 | D:12     | 16371 ||| Stepping ~*~*~tactically~*~*~ (water).
 16373 | D:12     | 16373 ||| Stepping ~*~*~tactically~*~*~ (water).
 16375 | D:12     | 16375 ||| Stepping ~*~*~tactically~*~*~ (water).
 16377 | D:12     | 16377 ||| Stepping ~*~*~tactically~*~*~ (water).
 16379 | D:12     | 16379 ||| Stepping ~*~*~tactically~*~*~ (water).
 16381 | D:12     | 16381 ||| Stepping ~*~*~tactically~*~*~ (water).
 16383 | D:12     | 16383 ||| Stepping ~*~*~tactically~*~*~ (water).
 16385 | D:12     | 16385 ||| Stepping ~*~*~tactically~*~*~ (water).
 16387 | D:12     | 16387 ||| Stepping ~*~*~tactically~*~*~ (water).
 16389 | D:12     | 16389 ||| Stepping ~*~*~tactically~*~*~ (water).
 16391 | D:12     | 16391 ||| Stepping ~*~*~tactically~*~*~ (water).
 16393 | D:12     | 16393 ||| Stepping ~*~*~tactically~*~*~ (water).
 16395 | D:12     | 16395 ||| Stepping ~*~*~tactically~*~*~ (water).
 16397 | D:12     | 16397 ||| Stepping ~*~*~tactically~*~*~ (water).
 16399 | D:12     | 16399 ||| Stepping ~*~*~tactically~*~*~ (water).
 16401 | D:12     | 16401 ||| Stepping ~*~*~tactically~*~*~ (water).
 16403 | D:12     | 16403 ||| Stepping ~*~*~tactically~*~*~ (water).
 16405 | D:12     | 16405 ||| Stepping ~*~*~tactically~*~*~ (water).
 16406 | D:12     | 16406 ||| INVOKING Heroism.
 16408 | D:12     | 16408 ||| Stepping ~*~*~tactically~*~*~ (water).
 16408 | D:12     | 16408 ||| PLANNING D
 16536 | D:12     | 16536 ||| Stepping ~*~*~tactically~*~*~ (water).
 16683 | D:12     | 16683 ||| PLANNING D
 16711 | D:13     | 16711 ||| INVOKING Heroism.
 16729 | D:13     | Found a gate to the Vaults.
 16730 | D:13     | 16730 ||| Stepping ~*~*~tactically~*~*~ (outnumbered).
 16732 | D:13     | 16732 ||| Stepping ~*~*~tactically~*~*~ (cloud).
 16746 | D:13     | 16746 ||| Stepping ~*~*~tactically~*~*~ (cloud).
 16750 | D:13     | 16750 ||| Stepping ~*~*~tactically~*~*~ (cloud).
 16751 | D:13     | 16751 ||| Stepping ~*~*~tactically~*~*~ (cloud).
 16754 | D:13     | HP: 29/129 [vault guard/+0 great sword (13)]
 16754 | D:13     | Slain by a red ugly thing

Levels and vault maps discovered:
D:1:      minmay_arrival_cross, layout_rooms,
          hellmonk_ecumenical_altar_slurped_away, serial_shops,
          nicolae_lakefront_shop
D:2:      layout_basic, serial_shops, nicolae_shop_statue_plus, uniq_natasha,
          uniq_sigmund
D:3:      minmay_general_purpose_star, layout_loops_ring
D:4:      layout_cave_pools, mainiacjoe_overflow_catch_the_wave,
          gup_sewer_entry_spiral, serial_bayou_crossing
D:5:      layout_layer_cave, serial_shops, nicolae_shop_stone,
          uniq_blork_the_orc
D:6:      layout_loops_cross, minmay_misc_feat_more_columns, st_stairs_10
D:7:      layout_basic, minmay_temple_entry_junction, serial_shops,
          nicolae_shop_back_alley_shop
D:8:      layout_loops_corners, serial_shops, shop, minmay_misc_feat_tiny,
          nicolae_shop_gadgets, uniq_gastronok
D:9:      layout_basic, gammafunk_ghost_cemetery, serial_rivers,
          chequers_serial_rivers_micro_c, chequers_serial_rivers_micro_e,
          chequers_serial_rivers_marsh, chequers_serial_rivers_large_b,
          minmay_misc_feat_doors, uniq_maurice
D:10:     layout_loops_ring, mainiacjoe_overflow_boulevard,
          mainiacjoe_overflow_big_doors, erik_lair_dragon,
          minmay_orc_entry_guard_dogs, kb_lookout_dungeons_type, uniq_lodul,
          uniq_joseph
D:11:     layout_roguey, serial_shops,
          nicolae_shop_temple_entry_statues_fountains, grunt_ministairs_6,
          fedhas_altar_1
D:12:     layout_roguey, introduction_to_nature_2
D:13:     layout_roguey, lightli_vaults_fourway_checkpoint,
          reono_crystal_passage, nicolae_shop_unique_rings,
          roderic_three_in_a_row, nicolae_splish_splash, uniq_nessos
Temple:   sentei_temple_godly_chess
Lair:1:   beast_lair_carwin_large_3, layout_regular_city, serial_bayou_shore_b
Lair:2:   layout_hall_layers, minmay_swamp_entry_swarm,
          guppyfry_snake_entry_garden, nicolae_lair_liquid_snakes
Lair:3:   layout_big_grid, infiniplex_staircase_pool, uniq_sonja
Lair:4:   layout_gridlike, minmay_slime_entry_pillars
Lair:5:   evilmike_catoblepas_cave, layout_regular_city, serial_bayou,
          serial_bayou_pond_c, serial_bayou_lagoon_b, serial_bayou_ford_a,
          serial_bayou_lake_a

Skill      XL: |  1  2  3  4  5  6  7  8  9 10 11 12 13 14 |
---------------+-------------------------------------------+-----
Ranged Weapons | 5 6 7 8 10 12 14 16 18 20 | 20.0
Fighting       | 3 4 5 7 8 9 10 11 12 13 | 13.4
Armour         | 5 6 7 8 |  8.2
Dodging        | 3 4 6 7 8 9 10 11 | 11.0
Invocations    | 4 8 10 | 10.0
Stealth        | |  0.7

Action                     |  1- 3 |  4- 6 |  7- 9 | 10-12 | 13-15 || total
---------------------------+-------+-------+-------+-------+-------++-------
   Fire: Shortbow          |    74 |       |       |       |       ||    74
         Longbow           |    10 |    77 |   182 |   202 |     2 ||   473
         Triple crossbow   |       |       |       |   130 |   363 ||   493
 Invoke: Heroism           |       |       |       |    26 |    36 ||    62
         Finesse           |       |       |       |     1 |     5 ||     6
    Use: Scroll            |     2 |     3 |     9 |    13 |     5 ||    32
         Potion            |       |     3 |     1 |     4 |     1 ||     9
 Armour: Leather armour    |     4 |       |       |       |       ||     4
         Ring mail         |       |    12 |    16 |       |       ||    28
         Steam dragon scal |       |       |     9 |     8 |       ||    17
         Acid dragon scale |       |       |       |    46 |    47 ||    93
         Troll leather arm |       |       |       |       |    30 ||    30
  Dodge: Dodged            |    15 |    15 |    56 |    95 |   175 ||   356
  Block: Other             |       |       |     6 |    27 |    43 ||    76
         Reflection        |       |       |       |     1 |     7 ||     8

Table legend:
 A = Non-vault XP
 B = Vault XP
 C = Vault XP percentage of total XP
 D = Non-vault monster count
 E = Vault monster count
 F = Vault count percentage of total count
                 A         B        C        D         E       F
            +---------+---------+-------+---------+---------+-------
      Total |   63300 |   27994 |  30.7 |     367 |     110 |  23.1
            +---------+---------+-------+---------+---------+-------
        D:1 |      52 |       2 |   3.7 |      31 |       1 |   3.1
        D:2 |      31 |     266 |  89.6 |      16 |       2 |  11.1
        D:3 |     158 |      44 |  21.8 |      22 |       5 |  18.5
        D:4 |     824 |      16 |   1.9 |      15 |       5 |  25.0
        D:5 |    1115 |      99 |   8.2 |      23 |       1 |   4.2
        D:6 |     624 |     281 |  31.0 |      15 |       2 |  11.8
        D:7 |    1463 |       0 |   0.0 |      18 |       0 |   0.0
        D:8 |    1478 |    1409 |  48.8 |      11 |       1 |   8.3
        D:9 |    1722 |     457 |  21.0 |       9 |       1 |  10.0
       D:10 |    3294 |    4525 |  57.9 |      23 |      22 |  48.9
       D:11 |    4724 |     511 |   9.8 |      24 |       1 |   4.0
       D:12 |    6732 |    1631 |  19.5 |      17 |      17 |  50.0
       D:13 |    1748 |    3510 |  66.8 |       4 |       6 |  60.0
     Lair:1 |    3582 |    1988 |  35.7 |      17 |      10 |  37.0
     Lair:2 |    4535 |     884 |  16.3 |      15 |       8 |  34.8
     Lair:3 |    7265 |     776 |   9.7 |      34 |       1 |   2.9
     Lair:4 |    7249 |     712 |   8.9 |      24 |       4 |  14.3
     Lair:5 |   16704 |   10883 |  39.4 |      49 |      23 |  31.9
            +---------+---------+-------+---------+---------+-------
